cohdb
Replays
Latest Replays
All Replays
Popular Replays
Top Player Replays
Match Explorer
How It Works
Community
CoH3 Stats
Reddit
Sign in to upload your games and track your stats! →
Sign in with Steam
Skill Planes Will Not Save You :)
Match 3733620
Overview
Messages
Build Orders
End
Panzerpioneer Squad
Panzerpioneer Squad
Panzerpioneer Squad
Selects Armored Suppot Battlegroup
Construct Light Support Kompanie
Assault Grenadier Squad
2.5-tonne Medical Truck
Assault Grenadier Squad
Panzerjäger Mechanized Group
Construct Mechanized Kompanie
Selects Veteran Gunners
Selects Vehicle Awareness
8 Rad Armored Car
Selects Panzer Storm
Vehicle Survival Package
Tungsten Core Ammunition
Construct Panzerarmee Kommand
Panzer III L Medium Tank
Emergency Repair Kits
Selects Stuka Anti-tank Loiter
Stuka Anti-tank Loiter
Panzer III L Medium Tank
Selects Flammpanzer III Medium Tank Sd.Kfz. 141
Flak 36 Anti-tank Gun Team
Walking Stuka Rocket Launcher
Panzer III L Medium Tank
Stuka Anti-tank Loiter
2.5-tonne Medical Truck
Selects Battlefield Salvage
Walking Stuka Rocket Launcher
Panzer III L Medium Tank
Assault Mechanized Group
Stuka Anti-tank Loiter
Assault Grenadier Squad
WilllTHENOOBz
Rolling9Deep
Zulu
Kush
0
0
Comments
sign in to comment!
No comments posted yet!